 Dungeon Sprint DCSS version 0.32-a0-612-g1c984fe9d1 (webtiles) character file.

Game seed: 10318618813617169086

8286 fingers the Carver (level 11, -42/71 HPs)
             Began as a Demonspawn Gladiator on Feb 27, 2024.
             Was a Follower of Uskayaw.
             Annihilated by an azure jelly (58 damage)
             ... in the Dungeon (Sprint V: "Ziggurat Sprint") on Mar 4, 2024.
             The game lasted 00:06:15 (475 turns).

fingers the Carver (Demonspawn Gladiator)            Turns: 475, Time: 00:06:16

Health: -42/71     AC: 38    Str: 15    XL:     11   Next: 7%
Magic:  9/9        EV:  1    Int:  6    God:    Uskayaw [*.....]
Gold:   0          SH: 35    Dex: 31    Spells: 10/10 levels left

rFire   . . .        G - +11 Screaming Sword {sonic wave}
rCold   x . .        F - +18 shield of the Gong {Loud rN+ Will+ rCorr EV-5}
rNeg    + . .        E - +15 Maxwell's patent armour {-Cast -Tele rElec Will+ rCorr}
rPois   .            I - +2 helmet {SInv}
rElec   +            (no cloak)
rCorr   +            (no gloves)
SInv    +            O - +3 pair of seven-league boots {Rampage+∞}
Will    ++...        (no amulet) Stlth
                     y - +6 ring of dexterity
HPRegen 0.31/turn    z - +6 ring of dexterity
MPRegen 0.11/turn

%: no teleportation, no spellcasting, rampage+∞
@: wreathed by umbra, studying Conjurations
A: foul stench 1, weakness stinger 2, foul shadow 1, dopey 1, frail 2, low MP 1,
screaming 2, wild magic 1, evolution 1, cold vulnerability 1, inability to read
after injury 1, persistent drain
a: Renounce Religion, Stomp


You were in the Dungeon.
You worshipped Uskayaw.
Uskayaw was noncommittal.
You visited 1 branch

Inventory:

Hand Weapons
 a - a +0 long sword
 G - the +11 Screaming Sword (weapon) {sonic wave}
   (You found it in the Dungeon)
Missiles
 d - 3 throwing nets (quivered)
 e - a javelin
Armour
 b - a +0 leather armour
 c - a +0 helmet
 E - the +15 Maxwell's patent armour (worn) {-Cast -Tele rElec Will+ rCorr}
   (You found it in the Dungeon)

   rElec:     It insulates you from electricity.
   Will+:     It increases your willpower.
   -Cast:     It prevents spellcasting.
   -Tele:     It prevents most forms of teleportation.
   rCorr:     It protects you from acid and corrosion.
 F - the +18 shield of the Gong (worn) {Loud rN+ Will+ rCorr EV-5}
   (You found it in the Dungeon)

   Loud:      It is deafeningly noisy when blocking attacks.
   EV-5:      It affects your evasion (-5).
   rN+:       It protects you from negative energy.
   Will+:     It increases your willpower.
   rCorr:     It protects you from acid and corrosion.
 I - a +2 helmet of see invisible (worn)
 M - a +0 pair of boots of stealth
 O - the +3 pair of seven-league boots (worn) {Rampage+∞}
   (You found it in the Dungeon)

   Rampage+∞: When moving toward enemies, its wearer moves as far as possible,
   alerting their target en route.
Jewellery
 o - a ring of fire
 x - a ring of flight
 y - a +6 ring of dexterity (left hand)
 z - a +6 ring of dexterity (right hand)
 A - a +6 ring of intelligence
 B - a +6 ring of intelligence
 C - a +6 ring of strength
 D - a +6 ring of strength
 H - a +6 ring of intelligence
 K - a +6 ring of strength
 L - a +6 ring of intelligence
 N - the ring "Copuney" {rC+ rN++ Dex+3 Stlth-}
   (You found it in the Dungeon)

   [ring of protection from cold]

   Dex+3:     It affects your dexterity (+3).
   rC+:       It protects you from cold.
   rN++:      It greatly protects you from negative energy.
   Stlth-:    It makes you less stealthy.
 P - the ring "Nurixkue" {rElec MP+9 Dex-3 Stlth+}
   (You found it in the Dungeon)

   [ring of magical power]

   Dex-3:     It affects your dexterity (-3).
   rElec:     It insulates you from electricity.
   MP+9:      It affects your magic capacity (+9).
   Stlth+:    It makes you more stealthy.
 R - a ring of protection from cold
 S - a +5 ring of evasion
Wands
 u - a wand of mindburst (7)
 v - a wand of iceblast (22)
 w - a wand of acid (11)
 Q - a wand of polymorph (2)
Scrolls
 k - 4 scrolls of blinking
 q - 4 scrolls of amnesia
 r - 8 scrolls of fog
 s - 5 scrolls of identify
 t - 2 scrolls of fear
Potions
 f - 10 potions of curing
 g - 9 potions of heal wounds
 h - 10 potions of haste
 i - 7 potions of magic
 j - 3 potions of berserk rage
 l - 2 potions of brilliance
 m - 2 potions of invisibility
 n - 3 potions of resistance
 p - 5 potions of might
Miscellaneous
 J - a condenser vane


   Skills:
 + Level 9.1 Fighting
 + Level 14.4 Long Blades
 - Level 1.7 Throwing
 * Level 11.9 Armour
 - Level 2.6 Dodging
 + Level 4.5 Stealth
 * Level 14.4 Shields
 + Level 0.8 Evocations


You had 10 spell levels left.
You didn't know any spells.
Your spell library contained the following spells:

 Spells                   Type           Power      Damage    Failure   Level
 Freeze                   Ice            0%         1d3       100%        1
 Sublimation of Blood     Necr           0%         N/A       100%        2
 Frozen Ramparts          Ice            0%         1d1       100%        3
 Hailstorm                Conj/Ice       0%         3d5       100%        3
 Ozocubu's Armour         Ice            0%         N/A       100%        3
 Vampiric Draining        Necr           0%         2d6       100%        3
 Animate Dead             Necr           0%         N/A       100%        4
 Metabolic Englaciation   Hex/Ice        0%         N/A       100%        5
 Sculpt Simulacrum        Ice/Alch       0%         N/A       100%        6
 Borgnjor's Revivificati  Necr           0%         N/A       100%        8


Dungeon Overview and Level Annotations

Branches:
Dungeon (1/1)

Altars:
Ashenzari
Cheibriados
Dithmenos
Fedhas
Gozag
Hepliaklqana
Kikubaaqudgha
Makhleb
Nemelex Xobeh
Okawaru
Qazlal
Ru
Sif Muna
Trog
Uskayaw
Vehumet
Wu Jian
Xom
Yredelemnul
Beogh
Jiyva
Lugonu

Annotations:
D 1 transporter


Innate Abilities, Weirdness & Mutations

You may rarely emit foul miasma when damaged in melee.
You have a tail ending in a sharp stinger.
You are faintly shadowed, very rarely releasing foul flame when damaged in melee.
You are dopey. (Int -2)
You are very frail. (-20% HP)
Your magical capacity is low. (-10% MP)
You frequently scream uncontrollably at your foes.
Your spells are a little harder to cast, but a little more powerful.
You have hidden genetic potential.
You are vulnerable to cold. (rC-)
You occasionally lose the ability to read scrolls when taking damage.
Your health recovers twice as slowly from being drained.


Message History

Welcome to arena 11.
You enter the transporter and appear at another place.
You scream at the jelly!
You scream at the azure jelly!
A jelly, an azure jelly, an endoplasm and 2 slime creatures come into view.
The slime creature quivers.
The azure jelly quivers.
The endoplasm quivers.
The slime creature quivers.
An eye of devastation comes into view.
You scream at the eye of devastation!
A slime creature comes into view.
You scream at the slime creature!
A jelly comes into view.
The endoplasm jiggles.
A slime creature comes into view.
The eye of devastation turns its gaze towards you.
Found five items.
You stride towards the azure jelly!
A slime creature comes into view.
Found five items.
Found a transporter.
You slice the azure jelly!!
The Singing Sword shouts, "DON'T YOU DARE DIE ON ME NOW, FINGERS!"
You send a blast of sound all around you.
You kill the jelly!
The slime creature is heavily wounded.
The slime creature is moderately wounded. x2
The eye of devastation is moderately wounded.
The jelly is almost dead.
The slime creature is heavily wounded.
The azure jelly is severely wounded.
You kill the endoplasm!
The slime creature is moderately wounded.
The azure jelly is severely wounded.
The azure jelly hits you. The azure jelly freezes you!!!
You feel a terrible chill!
Ouch! That really hurt!
* * * LOW HITPOINT WARNING * * *
The azure jelly hits you.
* * * LOW HITPOINT WARNING * * *
The azure jelly freezes you!!!
You feel a terrible chill!
Ouch! That really hurt!
You die...
Your body falls in perfect tune with the rhythm.

▓.........▓.......▓
▓.........▓.▓...▓.▓
▓....©....▓...©...▓
▓▓▓▓▓▓▓▓▓▓▓▓▓▓▓▓▓▓▓▓▓
▓...ß©ß...▓...ß©ß...▓
▓..==J/|..▓..:|[.)..▓
▓..//JJ|G.▓....)))..▓
▓..JJJJ...▓.........▓
▓....@....▓.........▓
▓.........▓.........▓
▓.........▓.........▓
▓.........▓.▓.....▓.▓
▓.▓.....▓.▓....©....▓
▓....©....▓▓▓▓▓▓▓▓▓▓▓
▓▓▓▓▓▓▓▓▓▓▓


You could see an azure jelly, 5 slime creatures, an eye of devastation and a
jelly.

Vanquished Creatures
  A two-headed ogre (D)
  A deep elf knight (D)
  A deep elf archer (D)
  2 deep elf zephyrmancers (D)
  A deep elf pyromancer (D)
  4 shining eyes (D)
  2 eyes of devastation (D)
  2 hornets (D)
  A glass eye (D)
  5 spriggans (D)
  2 golden eyes (D)
  A naga (D)
  A water moccasin (D)
  2 black bears (D)
  3 orc warriors (D)
  A wolf (D)
  An ogre (D)
  A phantom (D)
  A weeping skull (D)
  A small abomination (D)
  5 jellies (D)
  2 orc priests (D)
  An iron imp (D)
  A white imp (D)
  An ufetubus (D)
  2 adder zombies (D)
  An orc (D)
  A bat skeleton (D)
  A bat zombie (D)
  7 endoplasms (D)
  A ball python (D)
  A ball python skeleton (D)
58 creatures vanquished.

Notes
Turn   | Place    | Note
-------+----------+-------------------------------------------
     0 | D        | fingers the Demonspawn Gladiator began the quest for the
                  | Orb.
     0 | D        | Reached XP level 1. HP: 16/16 MP: 1/1
     0 | D        | Found a shimmering blue altar of Sif Muna.
     0 | D        | Found a bloodstained altar of Trog.
     0 | D        | Found a sacrificial altar of Ru.
     0 | D        | Found a stormy altar of Qazlal.
     0 | D        | Found an iron altar of Okawaru.
     1 | D        | Found a sparkling altar of Nemelex Xobeh.
     1 | D        | Found a blossoming altar of Fedhas.
     1 | D        | Found the +6 Majin-Bo {spellvamp, MP+6 Int+6}
     1 | D        | Found the +27 heavy crossbow "Sniper" {heavy, Acc+∞ SInv}
     1 | D        | Found the +10 dark maul {heavy}
     1 | D        | Found the +15 Maxwell's patent armour {-Cast -Tele rElec
                  | Will+ rCorr}
     1 | D        | Found the +18 shield of the Gong {Loud rN+ Will+ rCorr
                  | EV-5}
     1 | D        | Found the +16 obsidian axe {drain, demonic, Mesm ^Drain Fly
                  | SInv}
     1 | D        | Found the +7 great mace "Firestarter" {flame, immolate,
                  | rFlCloud rF++}
     1 | D        | Found the +6 shillelagh "Devastator" {shatter}
     1 | D        | Found the +11 plutonium sword {^Contam Stlth-}
     1 | D        | Found the +8 lance "Wyrmbane" {slay drac, rPois rF+ rC+
                  | AC+3}
     1 | D        | Found the +9 sword of Zonguldrok {reap}
     1 | D        | Found the +13 scythe of Curses {drain, curses, ^Drain}
     1 | D        | Found the +9 sword of Power {lifebolt}
     1 | D        | Found the +7 mace of Variability {chaos, chaos arc}
     1 | D        | Found the +11 Singing Sword {sonic wave}
     1 | D        | Found the +8 storm bow {elec, penet}
     3 | D        | Found a transporter.
     3 | D        | Found an ancient bone altar of Kikubaaqudgha.
     3 | D        | Found a viscous altar of Jiyva.
     3 | D        | Found a corrupted altar of Lugonu.
     3 | D        | Found a hazy altar of Hepliaklqana.
     3 | D        | Found a burning altar of Makhleb.
     3 | D        | Found an opulent altar of Gozag.
    41 | D        | Upgraded the game from 0.32-a0-520-g344ed53f66 to
                  | 0.32-a0-612-g1c984fe9d1
    43 | D        | Gained mutation: You have a small tail. [demonic ancestry]
    43 | D        | Reached XP level 2. HP: 24/24 MP: 2/2
    71 | D        | Became a worshipper of Uskayaw the Reveller
    90 | D        | Entered arena 2.
    90 | D        | Noticed a two-headed ogre
    90 | D        | Noticed an ogre
    90 | D        | Found a transporter.
    92 | D        | Killed an ogre
    92 | D        | Reached * piety under Uskayaw
    93 | D        | Reached skill level 5 in Long Blades
    93 | D        | Gained mutation: You may rarely emit foul miasma when
                  | damaged in melee. [demonic ancestry]
    93 | D        | Reached XP level 3. HP: 30/30 MP: 3/3
    93 | D        | Reached XP level 4. HP: 37/37 MP: 4/4
    93 | D        | Reached ** piety under Uskayaw
    94 | D        | Killed a two-headed ogre
    95 | D        | Reached skill level 5 in Fighting
    95 | D        | Reached XP level 5. HP: 44/44 MP: 5/5
    95 | D        | Reached XP level 6. HP: 51/51 MP: 6/6
    95 | D        | Reached XP level 7. HP: 56/56 MP: 7/7
   103 | D        | Entered arena 3.
   103 | D        | Found a transporter.
   110 | D        | Reached skill level 10 in Long Blades
   113 | D        | Reached *** piety under Uskayaw
   139 | D        | Entered arena 4.
   139 | D        | Noticed a golden eye
   139 | D        | Found a transporter.
   144 | D        | Killed a golden eye
   145 | D        | Reached XP level 8. HP: 57/64 MP: 8/8
   152 | D        | Entered arena 5.
   152 | D        | Found a transporter.
   163 | D        | Entered arena 6.
   163 | D        | Noticed a deep elf archer
   163 | D        | Noticed a deep elf pyromancer
   163 | D        | Noticed a deep elf zephyrmancer
   163 | D        | Noticed a deep elf zephyrmancer
   163 | D        | Noticed a deep elf knight
   163 | D        | Found a transporter.
   167 | D        | Killed a deep elf zephyrmancer
   167 | D        | Killed a deep elf pyromancer
   168 | D        | Gained mutation: You have a tail ending in a sharp stinger.
                  | [demonic ancestry]
   168 | D        | Reached XP level 9. HP: 56/72 MP: 9/9
   168 | D        | Killed a deep elf zephyrmancer
   169 | D        | Reached skill level 10 in Armour
   169 | D        | Reached skill level 10 in Shields
   173 | D        | Reached **** piety under Uskayaw
   177 | D        | Killed a deep elf archer
   177 | D        | Killed a deep elf knight
   177 | D        | Reached ***** piety under Uskayaw
   178 | D        | Reached skill level 1 in Stealth
   248 | D        | Entered arena 7.
   248 | D        | Found the +3 pair of seven-league boots {Rampage+∞}
   249 | D        | Found a transporter.
   258 | D        | Got the ring "Copuney" {rC+ rN++ Dex+3 Stlth-}
   262 | D        | Got the ring "Nurixkue" {rElec MP+9 Dex-3 Stlth+}
   280 | D        | Entered arena 8.
   280 | D        | Found the +5 glaive of the Guard {elec, spectral}
   280 | D        | Noticed a shining eye
   280 | D        | Noticed a shining eye
   281 | D        | Found a transporter.
   282 | D        | Gained mutation: You are faintly shadowed, very rarely
                  | releasing foul flame when damaged in melee. [demonic
                  | ancestry]
   282 | D        | Reached XP level 10. HP: 80/80 MP: 10/10
   283 | D        | Gained mutation: You have hidden genetic potential. [a
                  | shining eye]
   283 | D        | Gained mutation: Your magical capacity is low. (-10% MP) [a
                  | shining eye]
   285 | D        | Killed a shining eye
   286 | D        | Gained mutation: Your health recovers twice as slowly from
                  | being drained. [a shining eye]
   287 | D        | Gained mutation: You are frail. (-10% HP) [a shining eye]
   288 | D        | Killed a shining eye
   301 | D        | Entered arena 9.
   302 | D        | Found a transporter.
   343 | D        | Entered arena 10.
   343 | D        | Noticed a spriggan rider
   343 | D        | Noticed a spriggan rider
   344 | D        | Found a transporter.
   349 | D        | Killed a spriggan rider
   430 | D        | Entered arena 11.
   430 | D        | Noticed an eye of devastation
   430 | D        | Noticed an eye of devastation
   430 | D        | Noticed a shining eye
   430 | D        | Noticed a shining eye
   431 | D        | Found a transporter.
   432 | D        | Gained mutation: You are very frail. (-20% HP) [a shining
                  | eye]
   435 | D        | Gained mutation: You occasionally shout uncontrollably at
                  | your foes. [a shining eye]
   437 | D        | Killed an eye of devastation
   437 | D        | Gained mutation: You are dopey. (Int -2) [a shining eye]
   438 | D        | Gained mutation: You are vulnerable to cold. (rC-) [a
                  | shining eye]
   441 | D        | Gained mutation: You occasionally lose the ability to read
                  | scrolls when taking damage. [a shining eye]
   441 | D        | Gained mutation: You frequently scream uncontrollably at
                  | your foes. [a shining eye]
   442 | D        | Killed an eye of devastation
   442 | D        | Killed a shining eye
   443 | D        | Reached XP level 11. HP: 63/71 MP: 9/9
   443 | D        | Killed a shining eye
   448 | D        | Gained mutation: Your spells are a little harder to cast,
                  | but a little more powerful. [hidden potential]
   469 | D        | Got Kikubaaqudgha's Cyclopedia of Bones
   474 | D        | Entered arena 12.
   474 | D        | Noticed an azure jelly
   475 | D        | Found a transporter.
   475 | D        | Annihilated by an azure jelly

Illustrated notes

Levels and vault maps discovered:
D:        sprint_v [room_start, room_1, room_2, room_3, room_4, room_5, room_6,
          room_7, room_8, room_9, room_10, room_11, room_12, room_13, room_14,
          room_15, room_16, room_17, room_18, room_19, room_20, room_21,
          room_22, room_23, room_24, room_25, room_26, room_27]

Skill      XL: |  1  2  3  4  5  6  7  8  9 10 |
---------------+-------------------------------+-----
Fighting       | 3 4 5 6 7 8 9 |  9.1
Long Blades    | 4 5 9 10 11 13 14 | 14.4
Armour         | 3 4 7 8 9 10 11 | 11.9
Shields        | 3 4 7 8 9 11 14 | 14.4
Stealth        | 1 4 |  4.5
Throwing       | |  1.7
Dodging        | |  2.6
Evocations     | |  0.8

Action                     |  1- 3 |  4- 6 |  7- 9 | 10-12 || total
---------------------------+-------+-------+-------+-------++-------
  Melee: Double sword      |     1 |     2 |    23 |    42 ||    68
         Tailslap          |       |     1 |     3 |     9 ||    13
  Evoke: Condenser vane    |       |       |     1 |       ||     1
    Use: Potion            |     1 |       |     2 |       ||     3
   Stab: Paralysed         |       |       |     2 |     4 ||     6
 Armour: Plate armour      |     1 |     1 |    18 |    35 ||    55
  Dodge: Dodged            |       |       |       |     1 ||     1
  Block: Kite shield       |     4 |     1 |    47 |    56 ||   108

Table legend: (Time is in decaauts)
 A = Elapsed time spent in this place.
 B = Non-inter-level travel time spent in this place.
 C = Inter-level travel time spent in this place.
 D = Time resting spent in this place.
 E = Time spent auto-exploring this place.
 F = Levels seen in this place.
 G = Mean time per level.
                   A        B        C        D        E       F      G
               +--------+--------+--------+--------+--------+-----+--------+
         Total |    487 |    487 |      0 |      0 |    174 |   1 |  487.0 |
       Dungeon |    487 |    487 |      0 |      0 |    174 |   1 |  487.0 |
               +--------+--------+--------+--------+--------+-----+--------+

Top non-repeatable levels by time:
       D: 487 daAuts
